Map: Iron Fortress LE (Void)

Players

Cereal - Winner!

  • Race: Zerg Zerg

YouKnowWho

  • Race: Protoss Protoss

VOD

Have the link to the VOD?

Description

Time

  • Played on: May 2, 2015, 10:01 a.m.
  • Length: 9:47
Show
View Real Time Build Order
Export as new Build Order

Cereal Zerg - Winner!

Build Orders: 3 Hatch before Pool 

Get SALT Encoding   

  12  0:27  Hatchery  
  11  0:31  Drone  
  11  0:35  Drone  
  13  0:40  Drone  
  14  1:10  Hatchery, Drone  
  14  1:27  Spawning Pool  
  14  1:29  Drone  
  15  1:40  Drone x3  
  17  1:47  Overlord  
  17  1:56  Drone x2  
  17  2:00  Drone  
  20  2:13  Queen  
  22  2:17  Queen  
  24  2:23  Drone  
  24  2:24  Drone  
  24  2:26  Drone  
  24  2:29  Drone  
  28  2:32  Drone  
  28  2:34  Drone  
  30  2:38  Overlord  
  30  2:44  Drone x2  
  30  2:45  Drone  
  30  2:48  Drone  
  34  2:56  Drone  
  34  2:57  Drone x3  
  35  3:03  Queen  
  33  3:10  Drone x2  
  33  3:11  Drone  
  32  3:17  Drone x2  
  31  3:20  Drone  
  31  3:25  Drone x2  
  34  3:28  Drone  
  34  3:30  Drone  
  34  3:33  Drone  
  37  3:35  Drone  
  37  3:37  Drone  
  37  3:39  Drone  
  38  3:41  Drone  
  38  3:44  Drone  
  39  3:54  Extractor  
  38  3:55  Extractor  
  38  3:56  Drone x5  
  38  3:59  Overlord  
  42  4:09  Overlord  
  42  4:20  Drone  
  42  4:21  Drone x2  
  42  4:24  Drone x5  
  47  4:27  Overlord  
  47  4:29  Drone x3  
  53  4:37  Spore Crawler  
  51  4:40  Lair  
  51  4:41  Drone x3  
  51  4:43  Drone  
  54  4:49  Spore Crawler  
  54  4:52  Spore Crawler, Drone  
  53  4:53  Drone  
  53  4:54  Drone  
  53  4:56  Drone  
  53  4:59  Drone  
  57  5:00  Drone x2  
  57  5:02  Drone  
  57  5:04  Overlord  
  59  5:09  Overlord  
  58  5:23  Drone x8  
  66  5:29  Extractor  
  66  5:31  Drone x8, Extractor  
  66  5:32  Drone  
  66  5:33  Overlord  
  73  5:39  Drone, Hydralisk Den  
  73  5:43  Extractor  
  73  5:44  Extractor  
  73  5:45  Drone x2  
  73  5:46  Drone  
  73  5:47  Overlord x2  
  74  5:56  Drone x3  
  75  6:10  Hydralisk x3, Muscular Augments  
  81  6:13  Hydralisk  
  81  6:15  Hatchery  
  81  6:18  Hydralisk x2  
  84  6:20  Hydralisk  
  84  6:22  Hydralisk  
  84  6:24  Hydralisk  
  90  6:26  Hydralisk  
  90  6:28  Hydralisk  
  90  6:31  Overlord  
  94  6:36  Hydralisk  
  94  6:37  Hydralisk  
  98  6:41  Overlord  
  98  6:42  Overlord x2  
  96  6:52  Overlord x2  
  96  6:55  Metabolic Boost  
  96  6:56  Hydralisk  
  96  6:58  Overlord  
  98  7:03  Hydralisk x4  
  106  7:11  Hydralisk  
  106  7:12  Hydralisk x3  
  114  7:18  Queen  
  114  7:20  Hydralisk x2  
  114  7:21  Hydralisk  
  122  7:23  Hydralisk  
  124  7:33  Lurker Den  
  124  7:35  Hydralisk x5  
  124  7:36  Hydralisk  
  136  7:40  Hydralisk x2  
  140  7:49  Drone x4  
  140  7:50  Drone  
  145  7:57  Hydralisk x3  
  113  8:02  Drone x5  
  116  8:07  Hydralisk  
  116  8:12  Hydralisk  
  116  8:13  Hydralisk x2  
  122  8:20  Hydralisk x2  
  122  8:21  Evolution Chamber  
  122  8:26  Hydralisk x2  
  121  8:43  Hydralisk x7  
  121  8:45  Hydralisk  
  115  8:49  Hydralisk x2, Extractor x2  
  115  8:52  Zergling x2  
  115  8:53  Zergling x10  
  123  9:03  Hydralisk x2  
  123  9:07  Lurker  
  127  9:10  Zergling x2  
  127  9:11  Zergling x8  
  127  9:13  Hatchery  
  127  9:16  Zergling x4  
  127  9:17  Zergling x2  
  134  9:20  Drone x2  
  134  9:21  Roach Warren, Hydralisk  
Show
View Real Time Build Order
Export as new Build Order

YouKnowWho Protoss 

Build Orders:  

Get SALT Encoding   

  12  0:01  Probe  
  13  0:14  Pylon  
  13  0:18  Probe  
  14  0:32  Probe (Chrono Boost)  
  15  0:35  Gateway  
  16  0:44  Probe (Chrono Boost)  
  16  0:46  Assimilator  
  16  0:51  Probe (Chrono Boost)  
  17  1:02  Gateway  
  17  1:04  Probe  
  18  1:11  Pylon  
  18  1:19  Probe  
  19  1:30  Cybernetics Core  
  19  1:32  Probe (Chrono Boost)  
  20  1:42  Probe (Chrono Boost)  
  21  1:49  Probe  
  22  2:02  Probe  
  22  2:06  Adept x2 (Chrono Boost)  
  27  2:26  Nexus  
  29  2:35  Mothership Core, Warp Gate (Chrono Boost)  
  29  2:36  Pylon  
  29  2:46  Assimilator  
  29  2:56  Probe  
  30  3:08  Probe  
  29  3:20  Probe (Chrono Boost)  
  30  3:30  Probe (Chrono Boost)  
  30  3:32  Stargate  
  31  3:38  Probe  
  32  3:44  Probe  
  33  3:50  Probe  
  34  3:56  Probe  
  34  4:01  Assimilator  
  34  4:02  Probe (Chrono Boost)  
  36  4:04  Assimilator  
  36  4:07  Robotics Facility  
  36  4:08  Probe (Chrono Boost), Nexus  
  36  4:09  Pylon  
  37  4:14  Probe (Chrono Boost)  
  38  4:18  Phoenix  
  38  4:20  Probe (Chrono Boost)  
  38  4:21  Probe (Chrono Boost)  
  42  4:32  Probe  
  42  4:33  Probe  
  44  4:44  Probe  
  44  4:45  Probe, Phoenix (Chrono Boost)  
  46  4:52  Stargate  
  48  4:53  Pylon  
  48  4:56  Probe, Observer  
  48  4:57  Probe  
  51  5:08  Probe  
  51  5:09  Probe  
  53  5:15  Phoenix (Chrono Boost)  
  53  5:20  Probe (Chrono Boost), Robotics Bay  
  57  5:21  Probe (Chrono Boost)  
  58  5:31  Probe (Chrono Boost)  
  58  5:32  Probe (Chrono Boost)  
  58  5:33  Probe (Chrono Boost), Forge  
  60  5:37  Protoss Air Weapons Level 1  
  60  5:38  Probe x2 (Chrono Boost), Phoenix  
  60  5:41  Probe  
  65  5:49  Probe, Phoenix  
  68  5:50  Probe  
  68  5:53  Probe  
  70  6:00  Assimilator  
  70  6:01  Probe  
  70  6:02  Probe, Assimilator  
  70  6:03  Phoenix  
  74  6:12  Probe  
  74  6:17  Probe  
  76  6:20  Probe  
  76  6:25  Phoenix  
  79  6:26  Protoss Shields Level 1 (Chrono Boost)  
  79  6:28  Phoenix  
  79  6:33  Probe  
  79  6:34  Probe x2  
  82  6:58  Pylon  
  82  6:59  Pylon  
  82  7:00  Pylon  
  82  7:01  Pylon  
  82  7:02  Twilight Council, Pylon  
  82  7:04  Gateway  
  82  7:06  Pylon  
  82  7:09  Gateway  
  82  7:12  Gateway  
  82  7:13  Gateway  
  82  7:16  Gateway  
  82  7:19  Disruptor  
  82  7:20  Gateway  
  86  7:23  Probe x3, Disruptor (Chrono Boost)  
  87  7:40  Zealot  
  87  7:44  Void Ray x2  
  93  7:59  Probe  
  93  8:04  Probe  
  93  8:05  Probe  
  100  8:06  Disruptor  
  100  8:08  Disruptor (Chrono Boost)  
  100  8:11  Probe  
  101  8:13  Pylon  
  101  8:15  Pylon, Photon Cannon  
  101  8:16  Photon Cannon  
  101  8:17  Photon Cannon  
  101  8:18  Pylon x2  
  101  8:22  Photon Cannon  
  101  8:26  Void Ray (Chrono Boost)  
  103  8:29  Void Ray (Chrono Boost)  
  103  8:48  Probe x2  
  105  8:54  Probe  
  106  9:02  Probe x2  
  112  9:10  Disruptor  
  116  9:21  Zealot x6  
  116  9:23  Probe  
  129  9:33  Nexus  
  129  9:34  Pylon  
  129  9:36  Pylon  
Tags
 
Add a new tag
Caveats
  • Supply blocks, unpowered buildings, or Contaminate may cause inaccurate times.
  • Supply counts are checked every 10 seconds.